Map: Acropolis LE

Players

riddle (THERIDDLER)

  • Race: Terran Terran
  • Spawn Location: 11:00

Reynor - Winner!

  • Race: Zerg Zerg
  • League: Master
  • Spawn Location: 5:00

Event: NationWars 2019

VOD

Have the link to the VOD?

Description

Time

  • Played on: Nov. 15, 2019, 4:05 p.m.
  • Length: 8:07
Show
View Real Time Build Order
Export as new Build Order

riddle Terran 

Build Orders: Reaper Expand 

Get SALT Encoding   

  12  0:00  SCV  
  13  0:12  SCV  
  14  0:17  Supply Depot  
  14  0:24  SCV  
  15  0:38  SCV  
  15  0:42  Barracks  
  16  0:44  Refinery  
  16  0:50  SCV  
  17  1:02  SCV  
  18  1:15  SCV  
  19  1:28  Reaper  
  19  1:29  Orbital Command  
  20  1:39  Command Center  
  20  1:47  Supply Depot  
  20  1:55  SCV  
  20  2:00  Marine  
  22  2:07  SCV  
  23  2:11  Factory  
  23  2:16  Refinery  
  23  2:19  SCV  
  23  2:22  Barracks Reactor  
  24  2:31  SCV  
  25  2:43  SCV  
  26  2:52  Orbital Command  
  26  2:55  SCV, Starport  
  27  3:01  Hellion x2  
  27  3:03  Barracks Tech Lab  
  31  3:07  SCV  
  32  3:19  SCV x2  
  34  3:23  Hellion x2  
  38  3:29  Supply Depot  
  38  3:31  SCV x2  
  40  3:35  Stimpack  
  40  3:37  Viking  
  42  3:43  SCV x2  
  44  3:54  Barracks  
  44  3:55  SCV  
  44  3:56  Barracks  
  44  3:59  Factory Reactor  
  44  4:02  SCV  
  46  4:05  Supply Depot  
  46  4:07  SCV, Medivac  
  49  4:13  Engineering Bay  
  49  4:14  SCV  
  50  4:20  SCV, Supply Depot  
  51  4:26  SCV, Marauder  
  54  4:32  SCV, Supply Depot  
  54  4:38  SCV  
  56  4:40  Medivac  
  56  4:42  Marine x2  
  56  4:44  Factory Reactor  
  61  4:45  SCV  
  61  4:48  Supply Depot, Marine  
  62  4:55  SCV  
  62  4:56  Marine x2  
  62  4:57  SCV  
  62  4:59  Marine  
  66  5:00  Supply Depot, Marine  
  66  5:06  Marine  
  69  5:07  SCV  
  69  5:14  Marine x2  
  70  5:15  Combat Shield  
  70  5:17  Marine x2  
  72  5:24  Marine  
  72  5:26  Hellion x2  
  72  5:27  Medivac  
  79  5:30  Armory  
  79  5:32  Marine x2  
  79  5:35  Marine x2  
  71  5:38  SCV  
  71  5:42  Marine  
  75  5:43  Terran Infantry Weapons Level 1  
  75  5:49  Marine  
  75  5:50  Marine, Hellion  
  75  5:51  Hellion  
  75  5:53  Marine x2  
  83  6:00  Starport Reactor, Marine  
  84  6:07  SCV x2, Marine x2  
  84  6:11  Marine x2  
  88  6:12  Hellion x2  
  94  6:19  Marine  
  94  6:22  Command Center  
  94  6:38  SCV  
  94  6:39  Refinery  
  94  6:44  Marine x5, Hellion x2  
  86  6:52  Medivac x2  
  86  6:53  SCV x2  
  92  6:55  Refinery  
  92  6:59  Barracks  
  92  7:01  Marine  
  92  7:02  Marine  
  94  7:11  Supply Depot, Marine, Widow Mine  
  94  7:12  Widow Mine, Marine x2  
  94  7:15  SCV x2  
  94  7:22  Marine x2  
  86  7:27  SCV x2  
  86  7:29  Barracks, Marine  
  85  7:31  Marine  
  85  7:32  Marine  
  85  7:33  Widow Mine  
  93  7:40  Marine  
  92  7:47  Marine  
  92  7:48  Marine x2  
Show
View Real Time Build Order
Export as new Build Order

Reynor Zerg - Winner!

Build Orders: Hatch First 

Get SALT Encoding   

  12  0:00  Drone  
  13  0:12  Overlord  
  13  0:17  Drone  
  14  0:30  Drone x2  
  16  0:47  Hatchery  
  15  0:51  Drone  
  15  0:55  Drone  
  17  0:57  Drone  
  18  1:08  Extractor  
  17  1:12  Spawning Pool  
  17  1:16  Drone  
  17  1:19  Drone  
  18  1:28  Drone  
  19  1:39  Drone  
  20  1:50  Overlord  
  20  1:59  Queen x2  
  20  2:00  Zergling x4  
  26  2:10  Drone  
  26  2:11  Drone  
  28  2:21  Drone  
  28  2:22  Drone  
  30  2:28  Hatchery  
  29  2:33  Spore Crawler  
  28  2:37  Pneumatized Carapace  
  28  2:40  Drone  
  28  2:41  Drone  
  31  2:44  Drone  
  31  2:49  Overlord  
  32  2:54  Queen  
  32  2:57  Drone  
  35  3:00  Drone  
  36  3:07  Metabolic Boost  
  36  3:11  Drone x2  
  36  3:12  Drone x2  
  40  3:17  Overlord  
  40  3:19  Zergling x2  
  41  3:21  Drone  
  41  3:23  Drone  
  41  3:25  Zergling x2  
  44  3:34  Overlord  
  44  3:35  Drone  
  44  3:38  Drone  
  46  3:41  Drone  
  46  3:42  Drone  
  46  3:44  Drone x3  
  46  3:46  Queen  
  53  3:50  Queen  
  53  3:54  Overlord  
  55  3:59  Drone x2  
  55  4:02  Zergling x4  
  59  4:03  Zergling x4  
  59  4:05  Drone  
  59  4:08  Drone  
  63  4:12  Overlord  
  63  4:14  Drone x2  
  63  4:15  Drone x2  
  67  4:17  Drone  
  67  4:24  Overlord  
  68  4:25  Baneling Nest  
  68  4:28  Overlord  
  67  4:33  Zergling x2  
  67  4:36  Queen  
  67  4:37  Queen  
  72  4:42  Drone x6  
  72  4:45  Lair  
  78  4:51  Overlord  
  78  4:52  Drone x2  
  80  4:53  Drone x2  
  80  4:55  Zergling x2  
  80  4:59  Drone x4, Extractor  
  86  5:01  Zergling x4, Extractor  
  87  5:09  Zergling x6  
  87  5:11  Overlord  
  87  5:12  Zergling x2  
  91  5:15  Zergling x2  
  92  5:22  Drone  
  92  5:23  Drone  
  92  5:26  Drone x2  
  95  5:28  Drone x2  
  95  5:29  Hatchery, Extractor x2, Evolution Chamber x2  
  95  5:30  Drone  
  95  5:35  Drone  
  93  5:37  Zergling x2  
  93  5:41  Drone  
  93  5:42  Centrifical Hooks  
  95  5:46  Zergling x4  
  95  5:49  Baneling x6  
  97  5:51  Queen  
  97  5:53  Overlord  
  99  5:57  Overlord x2  
  99  6:05  Baneling x2  
  99  6:06  Baneling x6  
  99  6:10  Overseer  
  99  6:12  Zergling x2, Hatchery  
  99  6:13  Zergling x12  
  99  6:15  Zergling x2  
  99  6:17  Zergling x2  
  107  6:25  Zergling x4  
  109  6:28  Zergling x6  
  109  6:30  Zergling x8  
  109  6:32  Baneling x6  
  116  6:36  Baneling x2  
  116  6:37  Zergling x6  
  119  6:41  Queen  
  119  6:45  Zergling x10  
  112  6:50  Zergling x2  
  112  6:53  Zergling x4  
  112  6:54  Zergling x2  
  116  6:55  Baneling  
  116  6:56  Baneling x6  
  116  6:59  Zergling x12  
  122  7:04  Baneling x4  
  122  7:05  Zergling x6  
  125  7:08  Overlord  
  125  7:11  Zergling x6  
  125  7:15  Zergling x4  
  126  7:17  Overlord  
  123  7:26  Baneling x10  
  122  7:31  Zergling x20  
  132  7:37  Zergling x6  
  132  7:45  Zergling x6  
  132  7:49  Zergling x6  
Tags
 
Add a new tag
Caveats
  • Supply blocks, unpowered buildings, or Contaminate may cause inaccurate times.
  • Supply counts are checked every 10 seconds.